 Dungeon Crawl Stone Soup version 0.17-a0-1248-g117de50 (webtiles) character file.

300 Xvorost the Covered (level 6, -5/39 HPs)
             Began as a Gargoyle Fighter on June 5, 2015.
             Killed by nerve-wracking pain
             ... invoked by Grinder
              (8 damage)
             ... while paralysed by Grinder
             ... on level 3 of the Dungeon.
             The game lasted 00:08:01 (2012 turns).

Xvorost the Covered (Gargoyle Fighter)              Turns: 2012, Time: 00:08:01

Health: -5/39      AC: 12    Str: 16    XL:     6   Next: 36%
Magic:  6/6        EV:  2    Int:  9    God:
Gold:   102        SH:  0    Dex: 11    Spells: 0 memorised, 5 levels left

rFire  . . .     SeeInvis .     a - +1 flail
rCold  . . .     Clarity  .     b - +0 scale mail
rNeg   + . .     SustAt   .     c - +0 shield
rPois  ∞         Gourm    .     (no helmet)
rElec  +         Spirit   .     o - +0 cloak
rCorr  .         Warding  .     (no gloves)
rMut   .         Stasis   .     (no boots)
MR     .....                    (no amulet)
Stlth  ..........               (no ring)
                                g - -3 ring of strength

@: paralysed, not resistant to hostile enchantments, extremely unstealthy
A: negative energy resistance 1, electricity resistance, unbreathing,
petrification resistance, rot immunity, AC +4
a: no special abilities


You were on level 3 of the Dungeon.
You were full.

You visited 1 branch of the dungeon, and saw 3 of its levels.

You collected 102 gold pieces.

Inventory:

Hand weapons
 a - a +1 flail (weapon)
Armour
 b - a +0 scale mail (worn)
 c - a +0 shield (worn)
 o - a +0 cloak (worn)
   (You took it off Crazy Yiuf on level 2 of the Dungeon)
Jewellery
 g - a -3 ring of strength (left hand)
   (You found it on level 2 of the Dungeon)
Magical devices
 m - a wand of frost (28)
   (You found it on level 3 of the Dungeon)
Scrolls
 e - a scroll of remove curse
 i - a scroll of blinking {!r}
 j - a scroll of enchant weapon
 n - a scroll of identify
Potions
 d - 2 potions of cancellation
 h - a potion of haste {unknown}
 l - a potion of beneficial mutation {unknown}
Comestibles
 k - 4 fruits


   Skills:
 + Level 4.6 Fighting
 + Level 3.6 Maces & Flails
 + Level 4.7 Armour
 + Level 4.7 Shields


You had 5 spell levels left.
You didn't know any spells.

Dungeon Overview and Level Annotations

Branches:
Dungeon (3/15)

Altars:

Annotations:
D:3 Grinder


Innate Abilities, Weirdness & Mutations

You are resistant to torment.
Your stone body is resilient (AC +4).
You are immune to poison.
You resist negative energy.
You are resistant to electric shocks.
You can survive without breathing.
You are immune to petrification.
You are immune to rotting.


Message History

You thump the giant cockroach!
You kill the giant cockroach!
You block the giant cockroach's attack.
The giant cockroach bites you but does no damage.
You hit the giant cockroach but do no damage.
You block the giant cockroach's attack.
You sock the giant cockroach!
You kill the giant cockroach!
No target in view!
No target in view!
No target in view!
You see here a giant cockroach corpse. 2 bats come into view.
You block the bat's attack.
You miss the bat. The bat hits you but does no damage.
The bat hits you but does no damage. The bat barely misses you.
The bat hits you but does no damage.
You hit the bat.
You kill the bat!
The bat hits you but does no damage.
You sock the bat!
You kill the bat!
No target in view!
No target in view!
No target in view!
You now have 102 gold pieces (gained 8).
Grinder comes into view.
Grinder gestures at you. You resist with significant effort.
Grinder says, "Just stop there for a second..."
Grinder gestures.
Grinder blinks!
Grinder gestures at you.
You suddenly lose the ability to move!
Grinder says, "There's only one good use for a tongue: cutting it out."
Grinder gestures at you.
You barely resist. Grinder hits you but does no damage. x2
You can move again.
You closely miss Grinder. You block Grinder's attack. Grinder hits you.
You take 4 damage, and have 35/39 hp.
You closely miss Grinder. Grinder gestures at you.
You shrug off the repeated paralysis!
Your shield and scale mail prevent you from hitting Grinder.
Grinder gestures at you. Pain shoots through your body!
You take 6 damage, and have 29/39 hp.
You hit Grinder. Grinder hits you but does no damage.
You hit Grinder. Grinder gestures at you. Pain shoots through your body!
Grinder closely misses you.
You take 10 damage, and have 19/39 hp.
MASSIVE DAMAGE!!
You are too injured to fight recklessly!
You are too injured to fight recklessly!
Drink which item? (? for menu, Esc to quit)
Okay, then.
Read which item? (? for menu, Esc to quit)
Okay, then.
You sock Grinder! Grinder hits you.
You take 1 damage, and have 18/39 hp.
You closely miss Grinder. Grinder hits you.
You closely miss Grinder. Grinder hits you but does no damage.
Grinder hits you.
You take 2 damage, and have 16/39 hp.
You closely miss Grinder. Grinder hits you but does no damage.
You hit Grinder. You block Grinder's attack.
Your shield and scale mail prevent you from hitting Grinder.
You block Grinder's attack.
You closely miss Grinder.
Grinder says, "Mostly I couldn't keep them alive."
Grinder gestures at you. Pain shoots through your body!
* * * LOW HITPOINT WARNING * * *
You block Grinder's attack.
You take 12 damage, and have 4/39 hp.
MASSIVE DAMAGE!!
You hit Grinder. Grinder closely misses you.
You hit Grinder but do no damage. You block Grinder's attack.
You closely miss Grinder. Grinder barely misses you.
Grinder completely misses you.
You closely miss Grinder. Grinder hits you.
* * * LOW HITPOINT WARNING * * *
You take 3 damage, and have 2/39 hp.
You closely miss Grinder. You block Grinder's attack.
You hit Grinder. You block Grinder's attack.
Your shield prevents you from hitting Grinder.
Grinder hits you but does no damage. You block Grinder's attack.
You closely miss Grinder.
Grinder gestures.
Grinder blinks!
You are too injured to fight recklessly!
You are too injured to fight recklessly!
You are too injured to fight recklessly!
Grinder gestures at you.
You suddenly lose the ability to move!
Grinder gestures at you. Pain shoots through your body!
You die...

###### #....# #....#
######## ##....##
........#####......#
........#..........#
..........####..@.##
........# #..5.# ........#
#....# ........##
###.##### .........##
#.......######
..........###............#
........#.....(..........#
............#............#
####....###......†.......#


You could see Grinder.

Vanquished Creatures
  Sigmund (D:2)
  Crazy Yiuf (D:2)
  Ijyb (D:2)
  2 adders
  A worm (D:2)
  3 giant geckos
  A ball python (D:1)
  11 bats
  7 giant cockroaches
  7 goblins
  10 hobgoblins
  2 jackals (D:3)
  6 kobolds
  3 giant newts
  6 rats
62 creatures vanquished.

Notes
Turn   | Place    | Note
--------------------------------------------------------------
     0 | D:1      | Xvorost the Gargoyle Fighter began the quest for the Orb.
     0 | D:1      | Reached XP level 1. HP: 14/14 MP: 1/1
   214 | D:1      | Reached XP level 2. HP: 19/19 MP: 2/2
   597 | D:2      | Reached XP level 3. HP: 18/23 MP: 3/3
   737 | D:2      | Noticed Sigmund
   754 | D:2      | Killed Sigmund
   754 | D:2      | Reached skill level 4 in Fighting
   754 | D:2      | Reached skill level 3 in Maces & Flails
   754 | D:2      | Reached skill level 4 in Armour
   754 | D:2      | Reached skill level 4 in Shields
   754 | D:2      | Reached XP level 4. HP: 7/30 MP: 4/4
   754 | D:2      | Reached XP level 5. HP: 7/34 MP: 5/5
  1004 | D:2      | Noticed Ijyb
  1016 | D:2      | Killed Ijyb
  1117 | D:2      | Noticed Crazy Yiuf
  1131 | D:2      | Killed Crazy Yiuf
  1131 | D:2      | Reached XP level 6. HP: 17/39 MP: 6/6
  1980 | D:3      | Noticed Grinder
  1983 | D:3      | Paralysed by Grinder for 5 turns
  1999 | D:3      | HP: 4/39 [Grinder/nerve-wracking pain (12)]
  2010 | D:3      | Paralysed by Grinder for 5 turns
  2012 | D:3      | Killed from afar by Grinder

Vault maps used:
D:1:      dpeg_arrival_lava_temple_mockup
D:2:      uniq_crazy_yiuf_cottage, uniq_sigmund, uniq_iyjb
D:3:      minmay_goblin_outpost, uniq_grinder

Action                   |  1- 3 |  4- 6 || total
-------------------------+-------+-------++-------
Melee: Flail             |   103 |   149 ||   252
  Use: Potion            |     1 |       ||     1
       Scroll            |       |     6 ||     6
  Eat: Bread ration      |       |     2 ||     2

Vault maps used:
D:1:      dpeg_arrival_lava_temple_mockup
D:2:      uniq_crazy_yiuf_cottage, uniq_sigmund, uniq_iyjb
D:3:      minmay_goblin_outpost, uniq_grinder

Table legend:
 A = Turns spent in this place as a percentage of turns spent in the entire game.
 B = Non-inter-level travel turns spent in this place as a percentage of non-inter-level travel turns spent in the entire game.
 C = Inter-level travel turns spent in this place as a percentage of turns spent in this place.
 D = Turns resting spent in this place as a percentage of non-inter-level travel turns spent in this place.
 E = Turns spent auto-exploring this place as a percentage of non-inter-level travel turns spent in this place.
 F = Non-inter-level travel turns spent in this place divided by the number of levels of this place that you've seen.
                   A       B       C       D       E      F
               +-------+-------+-------+-------+-------+----------------------
         Total | 100.0 | 100.0 |   0.3 |   1.6 |   9.7 | 226.7
       Dungeon | 100.0 | 100.0 |   0.3 |   1.6 |   9.7 | 226.7
               +-------+-------+-------+-------+-------+----------------------

Table legend:
 A = Kills in this place as a percentage of kills in entire the game.
 B = Kills by you in this place as a percentage of kills by you in the entire game.
 C = Kills by friends in this place as a percentage of kills by friends in the entire game.
 D = Other kills in this place as a percentage of other kills in the entire game.
 E = Experience gained in this place as a percentage of experience gained in the entire game.
 F = Experience gained in this place divided by the number of levels of this place that you have seen.
                   A       B       C       D       E      F
               +-------+-------+-------+-------+-------+----------------------
         Total | 100.0 | 100.0 |  -nan |  -nan | 100.0 | 143.0
       Dungeon | 100.0 | 100.0 |  -nan |  -nan | 100.0 | 143.0
               +-------+-------+-------+-------+-------+----------------------
